 Dungeon Crawl Stone Soup version 0.23.0-3-gf3c87f2 (webtiles) character file.

Game seed: 12441404963817355800

28 Scud the Caller (level 3, -2/19 HPs)
             Began as a Tengu Summoner on Feb 23, 2019.
             Slain by an adder (4 damage)
             ... on level 2 of the Dungeon.
             The game lasted 00:09:01 (1605 turns).

Scud the Caller (Tengu Summoner)                    Turns: 1605, Time: 00:09:01

Health: -2/19      AC:  2    Str:  8    XL:     3   Next: 14%
Magic:  3/7        EV: 13    Int: 16    God:
Gold:   69         SH:  0    Dex: 14    Spells: 2/6 levels left

rFire    . . .     SeeInvis .   n - +0 whip
rCold    . . .     Gourm    .   (no shield)
rNeg     . . .     Faith    .   a - +0 robe
rPois    .         Spirit   .   (helmet restricted)
rElec    .         Reflect  .   (no cloak)
rCorr    .         Harm     .   (no gloves)
MR       .....                  (boots unavailable)
Stlth    ++........             (no amulet)
HPRegen  0.06/turn              (no ring)
MPRegen  0.10/turn              (no ring)

@: lethally poisoned (-2 -> -4), very slightly contaminated
A: beak, talons 3
a: no special abilities


You were on level 2 of the Dungeon.
You were not hungry.

You visited 1 branch of the dungeon, and saw 2 of its levels.

You collected 69 gold pieces.

Inventory:

Hand Weapons
 n - a +0 whip (weapon)
Armour
 a - a +0 robe (worn)
Jewellery
 e - an uncursed ring of ice {unknown}
 l - an uncursed ring of protection from magic {unknown}
Scrolls
 b - a scroll of fog {unknown}
 d - a scroll of remove curse {unknown}
 g - a scroll of enchant armour {unknown}
 j - a scroll of magic mapping {unknown}
 k - a scroll of identify {unknown}
 m - a scroll of noise {unknown}
Potions
 f - a potion of heal wounds {unknown}
 h - a potion of flight {unknown}
 i - a potion of curing {unknown}
Comestibles
 c - a ration
 o - a chunk of flesh


   Skills:
 + Level 0.1 Fighting
 + Level 2.3 Dodging
 - Level 2.3 Stealth
 + Level 0.7 Unarmed Combat
 + Level 2.1 Spellcasting
 * Level 5.4 Summonings


You had 2 spell levels left.
You knew the following spells:

 Your Spells              Type           Power        Failure   Level  Hunger
a - Summon Small Mammal   Summ           ###.         2%          1    #......
b - Summon Guardian Gole  Hex/Summ       ##......     21%         3    ###....

Your spell library contained the following spells:

 Spells                   Type           Power        Failure   Level  Hunger
 Call Imp                 Summ           ###.....     3%          2    ###....
 Call Canine Familiar     Summ           ###.....     6%          3    ###....
 Summon Ice Beast         Ice/Summ       ##......     54%         4    #####..
 Summon Lightning Spire   Summ/Air       ##......     54%         4    #####..


Dungeon Overview and Level Annotations

Branches:
Dungeon (2/15)

Altars:


Innate Abilities, Weirdness & Mutations

You have a beak for a mouth.
You have claws for feet.


Message History

The adder bites you.
You are poisoned.
The adder poisons you!
You hit the adder but do no damage.
The adder is moderately wounded.
You feel sick. The adder completely misses you. The adder closely misses you.
You hit the adder.
The adder is moderately wounded.
The adder bites you.
* * * LOW HITPOINT WARNING * * *
You feel sick. The adder bites you.
* * * LOW HITPOINT WARNING * * *
* * * LOW HITPOINT WARNING * * *
You feel sick. The adder bites you but does no damage.
* * * LOW HITPOINT WARNING * * *
You feel sick. The adder bites you.
You die...

...#..........##.#>......#
..#########.##.........#
.............+.........#
...########รท##.........#
.#...............#.....#
.#..#...##........8###.#
...................#
............S.#####
............@..#
.....#...#.#####
.....#...#.# .....#...#..
#......


You could see an adder and a friendly guardian golem.

Vanquished Creatures
  A dart slug (D:1)
  2 giant cockroaches (D:1)
  2 hobgoblins (D:1)
  3 bats
  A frilled lizard (D:1)
  4 rats (D:1)
13 creatures vanquished.

Vanquished Creatures (collateral kills)
  An adder (D:2)
  2 dart slugs (D:1)
  2 goblins (D:1)
  3 bats (D:1)
  A frilled lizard (D:1)
  3 kobolds
12 creatures vanquished.

Grand Total: 25 creatures vanquished

Notes
Turn   | Place    | Note
-------+----------+-------------------------------------------
     0 | D:1      | Scud the Tengu Summoner began the quest for the Orb.
     0 | D:1      | Reached XP level 1. HP: 10/10 MP: 4/4
    66 | D:1      | Reached skill level 5 in Summonings
   313 | D:1      | Reached XP level 2. HP: 9/15 MP: 6/6
  1518 | D:2      | Reached XP level 3. HP: 13/19 MP: 4/7
  1580 | D:2      | Learned a level 3 spell: Summon Guardian Golem
  1605 | D:2      | Slain by an adder

Skill      XL: |  1 |
---------------+----+-----
Summonings     | 5 |  5.4
Fighting       | |  0.1
Dodging        | |  2.3
Stealth        | |  2.3
Unarmed Combat | |  0.7
Spellcasting   | |  2.1

Action                   || total
-------------------------++-------
Melee: Unarmed           ||    47
       Kick              ||    12
       Peck              ||     7
       Whip              ||    11
 Cast: Summon Small Mamm ||    26
       Summon Guardian G ||     1
 Stab: Sleeping          ||     3
  Eat: Ration            ||     1
       Chunk             ||     1
Armor: Robe              ||    36
Dodge: Dodged            ||    70
